 Dungeon Crawl Stone Soup version 0.30-a0-603-g51a0fb1b98 (webtiles) character file.

Game seed: 13697439892521025798

66542 zero the Thaumaturge (level 15, -3/84 HPs)
             Began as a Gargoyle Earth Elementalist on Jan 7, 2023.
             Was the Champion of Kikubaaqudgha.
             Killed from afar by Azrael (33 damage)
             ... with damnation
             ... on level 2 of the Orcish Mines.
             The game lasted 00:38:40 (23161 turns).

zero the Thaumaturge (Gargoyle Earth Elementalist) Turns: 23161, Time: 00:38:41

Health: -3/84      AC: 31    Str: 15    XL:     15   Next: 20%
Magic:  2/32       EV: 26    Int: 33    God:    Kikubaaqudgha [******]
Gold:   2457       SH:  3    Dex: 10    Spells: 10/41 levels left

rFire   . . .      SeeInvis .    x - +2 dagger "Leviticus" {flame, Int+4}
rCold   . . .      Faith    .    Y - +0 buckler
rNeg    + . .      Spirit   .    e - +0 troll leather armour
rPois   ∞          Reflect  .    D - +2 hat
rElec   +          Harm     .    r - +2 cloak
rCorr   .          Rampage  .    h - +1 pair of gloves {Str+3}
Will    +....                    G - +2 pair of boots
Stlth   ++                       S - amulet of the acrobat
HPRegen 1.14/turn                M - +6 ring of intelligence
MPRegen 0.23/turn                o - +4 ring of protection

@: death channelling (expiring), acrobatic, flying
A: sickness immunity, AC +11, big wings, negative energy resistance 1,
electricity resistance, torment resistance 1, petrification resistance
a: Renounce Religion, Unearth Wretches, Torment, Brand Weapon With Pain, Receive
Forbidden Knowledge


You were on level 2 of the Orcish Mines.
You worshipped Kikubaaqudgha.
Kikubaaqudgha was exalted by your worship.
You visited 4 branches of the dungeon, and saw 20 of its levels.
You visited the Abyss 1 time.
You also visited: Ossuary.

You collected 3427 gold pieces.
You spent 970 gold pieces at shops.

Inventory:

Hand Weapons
 d - a +1 dagger of speed
 s - a +0 sling
 u - a +0 rapier of venom
 x - the +2 dagger "Leviticus" (weapon) {flame, Int+4}
   (You found it on level 4 of the Dungeon)

   Int:       It affects your intelligence (+4).
Missiles
 a - 2 curare-tipped darts
 J - a throwing net
Armour
 e - a +0 troll leather armour (worn)
 h - a +1 pair of gloves of strength (worn)
 k - a +1 robe of cold resistance
 r - a +2 cloak (worn)
 C - a +1 pair of gloves
 D - a +2 hat (worn)
 G - a +2 pair of boots (worn)
 Y - a +0 buckler (worn)
Magical Staves
 q - a staff of death
 T - a staff of cold
Jewellery
 l - a ring of flight
 o - a +4 ring of protection (right hand)
 v - a +4 ring of slaying
 M - a +6 ring of intelligence (left hand)
 S - an amulet of the acrobat (around neck)
Wands
 z - a wand of light (5)
 A - a wand of mindburst (17)
 F - a wand of paralysis (4)
 I - a wand of polymorph (6)
 K - a wand of flame (27)
 O - a wand of iceblast (1)
Scrolls
 b - 5 scrolls of fear
 j - 4 scrolls of teleportation
 m - 7 scrolls of silence
 p - 3 scrolls of blinking
 y - 7 scrolls of immolation
 B - 4 scrolls of enchant weapon
 L - a scroll of fog
 N - a scroll of amnesia
 V - a scroll of brand weapon
Potions
 c - 4 potions of curing
 f - 4 potions of lignification
 g - 8 potions of heal wounds
 i - 5 potions of attraction
 n - a potion of invisibility
 t - 3 potions of mutation
 w - 3 potions of flight
 E - 2 potions of magic
 H - 3 potions of haste
 P - a potion of brilliance
 Q - a potion of berserk rage
 U - a potion of cancellation
Miscellaneous
 R - a phial of floods


   Skills:
 + Level 5.8 Fighting
 + Level 5.8 Armour
 - Level 1.5 Dodging
 - Level 2.1 Stealth
 + Level 13.8 Spellcasting
 + Level 10.4 Conjurations
 + Level 10.2 Necromancy
 - Level 1.0 Translocations
 - Level 1.0 Transmutations
 + Level 10.3 Ice Magic
 - Level 5.0 Air Magic
 - Level 10.0 Earth Magic


You had 10 spell levels left.
You knew the following spells:

 Your Spells              Type           Power      Damage    Failure   Level
a - Sandblast             Erth           100%       2d20      1%          1
b - Stone Arrow           Conj/Erth      100%       3d13      1%          3
c - Simulacrum            Ice/Necr       37%        N/A       7%          6
d - Freezing Cloud        Conj/Ice/Air   34%        6-21      2%          5
e - Death Channel         Necr           37%        N/A       8%          6
g - Apportation           Tloc           58%        N/A       2%          1
v - Borgnjor's Vile Clut  Necr/Erth      37%        N/A       1%          5
E - Animate Dead          Necr           74%        N/A       1%          4

Your spell library contained the following spells:

 Spells                   Type           Power      Damage    Failure   Level
 Kiss of Death            Conj/Necr      100%       2d13      1%          1
 Magic Dart               Conj           100%       1d8       1%          1
 Necrotise                Necr           100%       1d9       1%          1
 Shock                    Conj/Air       100%       1d9       1%          1
 Ensorcelled Hibernation  Hex/Ice        100%       N/A       1%          2
 Passwall                 Tmut/Erth      46%        N/A       1%          2
 Poisonous Vapours        Pois/Air       78%        N/A       1%          2
 Mephitic Cloud           Conj/Pois/Air  54%        N/A       1%          3
 Swiftness                Air            54%        N/A       1%          3
 Vampiric Draining        Necr           74%        2d11      1%          3
 Agony                    Necr           74%        N/A       1%          5
 Lee's Rapid Deconstruct  Erth           36%        3d18*     1%          5
 Slow                     Hex            88%        N/A       3%          1
 Summon Small Mammal      Summ           88%        N/A       3%          1
 Anguish                  Hex/Necr       27%        N/A       3%          4
 Fulminant Prism          Conj/Hex       27%        3d14      3%          4
 Iskenderun's Mystic Bla  Conj/Tloc      57%        2d12      3%          4
 Petrify                  Tmut/Erth      56%        N/A       3%          4
 Call Imp                 Summ           22%        N/A       4%          2
 Kindle Blastsparks       Fire/Tloc/Air  72%        2d16      4%          3
 Call Canine Familiar     Summ           22%        N/A       10%         3
 Confusing Touch          Hex            22%        N/A       10%         3
 Summon Guardian Golem    Hex/Summ       22%        N/A       10%         3
 Orb of Destruction       Conj           37%        9d11      36%         7
 Spellforged Servitor     Conj/Summ      27%        N/A       97%         7
 Chain Lightning          Conj/Air       32%        3d43      100%        9
 Fire Storm               Conj/Fire      27%        8d7       100%        9
 Polar Vortex             Ice            37%        N/A       100%        9
 Shatter                  Erth           36%        3d29*     100%        9
 Cigotuvi's Dreadful Rot  Necr/Pois/Air  Unusable   N/A       N/A         2

Dungeon Overview and Level Annotations

Branches:
Dungeon (12/15)            Temple (1/1) D:7            Lair (5/5) D:10
  Swamp (0/4) Lair:2       Spider (0/4) Lair:2        Slime (0/5) Lair:4
    Orc (2/2) D:12            Elf (0/3) Orc:2       Ossuary (visited)

Altars:
Ashenzari
Elyvilon
Fedhas
Gozag
Hepliaklqana
Kikubaaqudgha
Makhleb
Nemelex Xobeh
Okawaru
Qazlal
Trog
Uskayaw
Vehumet
Xom
Yredelemnul
The Shining One
Jiyva
Lugonu

Shops:
D:5 ((?   D:8 ?   Orc:1 ?   Orc:2 ![

Portals:
Abyss: Lair:5

Annotations:
D:12 2 runed translucent doors, Netaeli's ghost, journeyman SpVM
Lair:1 exclusion: 2 downstairs
Orc:2 Azrael


Innate Abilities, Weirdness & Mutations

You are immune to sickness and miasma.
Your stone body is resilient. (AC +11)
You are immune to poison.
Your large and strong wings let you fly.
You resist negative energy. (rN+)
You are resistant to electric shocks. (rElec)
You are resistant to unholy torment.
You are immune to petrification.


Message History

Kikubaaqudgha accepts your kill.
A glowing mist starts to gather...
The fire elemental hits you. The fire elemental burns you!
Your spectral orc wizard is engulfed in freezing vapours.
Your spectral orc wizard hits the fire elemental but does no damage.
Azrael gestures at you.
The fireball explodes!
The fireball engulfs the fire elemental.
The fire elemental completely resists.
The fireball engulfs Sonja!!
Sonja is destroyed!
You hear a sizzling sound! x2
The fireball engulfs you!
The fireball engulfs your spectral orc wizard!!
Your spectral orc wizard is destroyed!
You hear a sizzling sound! x4
You are too injured to fight recklessly!
Casting: Sandblast (safe; 1% risk of failure)
Confirm with . or Enter, or press ? or * to list all spells.
You don't have enough magic to cast this spell.
Unknown command.
Casting: Sandblast (safe; 1% risk of failure)
Confirm with . or Enter, or press ? or * to list all spells.
Aiming: Sandblast (safe; 1% risk of failure)
Press: ? - help, Shift-Dir - straight line, f - fire elemental
Aim: a fire elemental (lightly damaged, 82% to hit)
The blast of sand hits the fire elemental!!
You destroy the fire elemental!
Kikubaaqudgha accepts your kill.
The orc priest calls down the wrath of Beogh upon you.
Beogh smites you!
The orc priest miscasts a cantrip.
Your unholy channel is weakening.
Azrael blows smoke rings.
Azrael gestures at you.
The sphere of damnation explodes!
The damnation engulfs you!!
The orc priest looks encouraged for a moment.
Azrael gestures at you.
The sphere of damnation explodes!
The damnation engulfs you!!
You die...
Kikubaaqudgha rasps: "You have failed me!
Welcome... oblivion!"

...##))○○...#.## ######o..#
. #.○..# ....#..R##
..........### #
.##..#####..## #.#
....##...##..# #...
...##.....##.#####...#
...#...))).#.@#.#....# ..
#∩._8)..#.)).....#.
..#.....).'.).........
...##.....##...._.....#
.....##...##...........# #
.......#####............##
##.........................#
.#.......................>.#
.#..........<.)............#


You could see Azrael and an orc priest.

Vanquished Creatures
  A hydra (Lair:3)
  Erolcha (Orc:1)
  A boulder beetle (Lair:5)
  A centaur warrior (D:12)
  18 death yaks
  3 thrashing horrors (Lair:5)
  Sonja (Orc:2)
  2 orc knights
  A large abomination (Lair:5)
  Pikel (D:6)
  A deep elf pyromancer (D:12)
  4 ugly things
  A cyclops (D:12)
  A manticore (D:12)
  4 elephants (Lair:5)
  4 black mambas
  A gargoyle (D:10)
  Psyche (D:10)
  Maggie (D:7)
  7 cane toads
  An unseen horror (D:12)
  3 rime drakes (Lair:5)
  4 komodo dragons
  2 kobold demonologists (D:12)
  A polar bear (Lair:2)
  2 trolls
  15 blink frogs
  A slime creature (D:10)
  9 dream sheep
  A spriggan (Lair:5)
  A ynoxinul (Lair:5)
  2 wraiths
  A shadow (D:11)
  7 fire elementals (Orc:2)
  61 yaks
  A redback (Lair:2)
  A basilisk (Lair:5)
  4 chaos spawn (Lair:5)
  2 steam dragons
  2 vampire mosquitoes (D:12)
  19 water moccasins
  Edmund (D:5)
  An acid dragon (D:11)
  A hell hound (Orc:2)
  17 orc warriors
  3 ogres
  A black bear (D:3)
  2 centaurs (D:7)
  2 phantoms
  A lemure (D:7)
  10 bullfrogs
  4 kobold brigands
  2 gnoll sergeants (D:10)
  2 necrophages
  5 scorpions
  10 small abominations
  3 yak zombies
  6 howler monkeys
  2 human zombies (Ossuary)
  3 hounds
  4 jellies
  6 orc priests
  An iguana (D:3)
  14 orc wizards
  5 mummies
  4 adders
  11 gnolls
  3 white imps (D:6)
  4 ufetubi
  2 worms
  39 orcs
  6 endoplasms
  A giant cockroach (D:1)
  10 goblins
  6 hobgoblins
  7 jackals
  A quokka (D:3)
  8 ball pythons
  5 bats
  3 frilled lizards (D:1)
  3 gnoll zombies (Ossuary)
  A goblin zombie (Ossuary)
  2 hobgoblin zombies (D:8)
  20 kobolds
  A kobold zombie (Ossuary)
  An orc zombie (Ossuary)
  4 rats
443 creatures vanquished.

Vanquished Creatures (collateral kills)
  A catoblepas (Lair:5)
  4 death yaks (Lair:5)
  A boulder beetle (Lair:5)
  A lindwurm (Lair:2)
  An ugly thing (Lair:5)
  2 elephants (Lair:5)
  3 cane toads
  2 torpor snails
  An ancient zyme (Lair:5)
  5 komodo dragons
  A troll (Orc:2)
  3 blink frogs
  2 dream sheep
  A spriggan (shapeshifter) (Lair:5)
  2 small abominations (Lair:5)
  18 yaks
  A spriggan (Lair:5)
  A basilisk (Lair:5)
  3 vampire mosquitoes (D:12)
  A warg (Orc:1)
  4 water moccasins
  4 orc warriors
  A kobold brigand (D:12)
  3 bullfrogs
  An orc priest (Orc:1)
  4 orc wizards (Orc:2)
  10 orcs
81 creatures vanquished.

Vanquished Creatures (others)
  A black mamba zombie (Lair:2)
  2 cane toad zombies (Lair:2)
  An elephant zombie (Lair:5)
  A blink frog zombie (Lair:1)
  A lindwurm zombie (Lair:2)
  A komodo dragon zombie (Lair:5)
  A water moccasin zombie (Lair:3)
  11 yak zombies
  2 bullfrog zombies
  An orc zombie (Orc:2)
  56 fungi
  72 plants
  4 starspawn tentacles (Abyss:2)
154 creatures vanquished.

Grand Total: 678 creatures vanquished

Notes
Turn   | Place    | Note
-------+----------+-------------------------------------------
     0 | D:1      | zero the Gargoyle Earth Elementalist began the quest for
                  | the Orb.
     0 | D:1      | Reached XP level 1. HP: 10/10 MP: 3/3
    76 | D:1      | Learned a level 1 spell: Apportation
   204 | D:1      | Reached XP level 2. HP: 10/15 MP: 2/5
   207 | D:1      | Learned a level 2 spell: Passwall
   565 | D:1      | Found a faded altar of an unknown god.
   567 | D:1      | Reached skill level 3 in Spellcasting
   603 | D:1      | Got Plato's Textbook on Electrocution
   741 | D:1      | Reached XP level 3. HP: 17/19 MP: 3/7
   745 | D:1      | Learned a level 3 spell: Stone Arrow
  1628 | D:2      | Reached XP level 4. HP: 24/24 MP: 6/9
  1959 | D:3      | Reached skill level 4 in Spellcasting
  1959 | D:3      | Reached skill level 1 in Conjurations
  2093 | D:3      | Reached XP level 5. HP: 28/28 MP: 9/11
  2349 | D:4      | Found a hide-covered altar of Uskayaw.
  2434 | D:4      | Noticed a black bear
  2473 | D:3      | Killed a black bear
  2474 | D:3      | Reached skill level 5 in Earth Magic
  2474 | D:3      | Reached XP level 6. HP: 17/32 MP: 5/12
  3014 | D:4      | Identified the +2 dagger "Leviticus" {flame, Int+4}
  3166 | D:4      | Found a bloodstained altar of Trog.
  3331 | D:5      | Entered Level 5 of the Dungeon
  3354 | D:5      | Found Hoest's Magic Scroll Shoppe.
  3362 | D:5      | Bought a scroll of identify for 26 gold pieces
  3362 | D:5      | Bought a scroll of fear for 52 gold pieces
  3481 | D:5      | Found Fuggiasi's Weapon Emporium.
  3486 | D:5      | Reached skill level 5 in Spellcasting
  3486 | D:5      | Reached XP level 7. HP: 36/36 MP: 1/14
  3701 | D:5      | Found Ysongekk's Weapon Boutique.
  3701 | D:5      | You are sucked into a shaft and drop 3 floors!
  3719 | D:8      | Found a sand-covered staircase.
  3724 | Ossuary  | Entered an ossuary
  4439 | D:8      | Reached XP level 8. HP: 21/41 MP: 0/16
  4644 | D:8      | Found a sparkling altar of Nemelex Xobeh.
  4791 | D:8      | Found Addoudiq's Magic Scroll Shop.
  4796 | D:8      | Bought a scroll of enchant armour for 112 gold pieces
  5132 | D:7      | Reached skill level 6 in Spellcasting
  5262 | D:7      | HP: 2/41 [centaur/arrow (2)]
  5668 | D:6      | Reached skill level 7 in Spellcasting
  5737 | D:6      | Found a bloodstained altar of Trog.
  5738 | D:6      | Noticed a wraith
  5750 | D:6      | Killed a wraith
  6300 | D:7      | Reached skill level 8 in Spellcasting
  6300 | D:7      | Reached XP level 9. HP: 36/45 MP: 13/21
  6303 | D:7      | Reached skill level 1 in Transmutations
  6407 | D:7      | Found an opulent altar of Gozag.
  6448 | D:7      | Noticed Maggie
  6456 | D:7      | Killed Maggie
  6457 | D:7      | Reached skill level 1 in Fighting
  6457 | D:7      | Reached skill level 1 in Necromancy
  6655 | D:7      | Noticed Pikel
  6724 | D:6      | Killed Pikel
  6725 | D:6      | Reached skill level 5 in Conjurations
  7013 | D:7      | Found a broken altar of Ashenzari.
  7223 | D:7      | Found a staircase to the Ecumenical Temple.
  7255 | Temple   | Entered the Ecumenical Temple
  7300 | Temple   | Became a worshipper of Kikubaaqudgha
  7418 | D:6      | Found an iron altar of Okawaru.
  7456 | D:6      | Identified the +8 broad axe of the Sneaky Xenops
                  | {antimagic, Contam rF++ Int+4 Stlth+}
  8032 | D:5      | Found a blossoming altar of Fedhas.
  8032 | D:5      | Noticed Edmund
  8038 | D:5      | Killed Edmund
  8804 | D:8      | Learned a level 6 spell: Simulacrum
  8852 | D:8      | Reached XP level 10. HP: 55/56 MP: 17/22
  9000 | D:9      | Reached skill level 1 in Armour
  9000 | D:9      | Reached skill level 1 in Ice Magic
  9608 | D:10     | Entered Level 10 of the Dungeon
  9622 | D:10     | Noticed Psyche
  9626 | Abyss:2  | Cast into level 2 of the Abyss (Psyche)
  9639 | Abyss:2  | Found a corrupted altar of Lugonu.
  9639 | Abyss:2  | Noticed a great orb of eyes
  9690 | Abyss:2  | Noticed a tentacled starspawn
  9713 | Abyss:2  | Noticed a bone dragon
  9805 | Abyss:2  | Found a corrupted altar of Lugonu.
  9837 | Abyss:2  | Noticed a tentacled starspawn
  9870 | D:10     | Escaped the Abyss
  9924 | D:10     | Killed Psyche
 10077 | D:10     | Learned a level 5 spell: Freezing Cloud
 10113 | D:10     | Reached skill level 1 in Translocations
 10117 | D:10     | Reached skill level 9 in Spellcasting
 10129 | D:10     | Reached skill level 1 in Air Magic
 10426 | D:10     | Noticed a gargoyle
 10431 | D:10     | Killed a gargoyle
 10432 | D:10     | Reached skill level 5 in Fighting
 10689 | D:10     | Reached skill level 10 in Earth Magic
 10704 | D:10     | Reached XP level 11. HP: 63/63 MP: 11/24
 10781 | D:10     | Reached * piety under Kikubaaqudgha
 10781 | D:10     | Received a gift from Kikubaaqudgha
 10794 | D:10     | Learned a level 4 spell: Animate Dead
 10794 | D:10     | Found a staircase to the Lair.
 11203 | D:10     | Found a viscous altar of Jiyva.
 11311 | Lair:1   | Entered Level 1 of the Lair of Beasts
 11395 | Lair:1   | Reached skill level 5 in Armour
 11510 | Lair:1   | Reached skill level 5 in Necromancy
 11515 | Lair:1   | Reached skill level 10 in Spellcasting
 11515 | Lair:1   | Reached skill level 5 in Ice Magic
 11762 | Lair:1   | Reached ** piety under Kikubaaqudgha
 11774 | Lair:1   | Reached skill level 5 in Air Magic
 12351 | Lair:2   | Noticed a death yak
 12351 | Lair:2   | Noticed a death yak
 12351 | Lair:2   | Noticed a death yak
 12352 | Lair:2   | Noticed a death yak
 12428 | Lair:2   | Found a hole to the Spider Nest.
 12468 | Lair:2   | Reached XP level 12. HP: 68/68 MP: 8/26
 13060 | Lair:2   | Killed a death yak
 13063 | Lair:2   | Killed a death yak
 13343 | Lair:2   | Reached *** piety under Kikubaaqudgha
 13343 | Lair:2   | Received a gift from Kikubaaqudgha
 13353 | Lair:2   | Learned a level 6 spell: Death Channel
 13419 | Lair:2   | Learned a level 5 spell: Borgnjor's Vile Clutch
 13428 | Lair:2   | Killed a death yak
 13432 | Lair:2   | Killed a death yak
 13434 | Lair:2   | Reached skill level 11 in Spellcasting
 13589 | Lair:2   | Found a staircase to the Swamp.
 13920 | Lair:3   | Noticed a six-headed hydra
 13925 | Lair:3   | Killed a six-headed hydra
 13995 | Lair:3   | Noticed a death yak
 13995 | Lair:3   | Noticed a death yak
 13995 | Lair:3   | Noticed a death yak
 14004 | Lair:3   | Killed a death yak
 14004 | Lair:3   | Killed a death yak
 14005 | Lair:3   | Reached XP level 13. HP: 52/72 MP: 4/28
 14603 | Lair:3   | Reached **** piety under Kikubaaqudgha
 15989 | Lair:4   | Found a viscous altar of Jiyva.
 15990 | Lair:4   | Found a staircase to the Slime Pits.
 16097 | Lair:5   | Entered Level 5 of the Lair of Beasts
 16907 | Lair:5   | Gained mutation: Your large and strong wings let you fly.
                  | [Gargoyle growth]
 16907 | Lair:5   | Reached XP level 14. HP: 56/78 MP: 2/29
 17163 | Lair:5   | Reached skill level 12 in Spellcasting
 17612 | Lair:5   | Reached skill level 10 in Conjurations
 17613 | Lair:5   | Reached ***** piety under Kikubaaqudgha
 18434 | Lair:5   | Identified a scroll of acquirement
 18434 | Lair:5   | Acquired 828 gold pieces
 18511 | Lair:5   | Reached skill level 10 in Necromancy
 18529 | Lair:5   | Reached skill level 10 in Ice Magic
 19059 | Lair:5   | Reached skill level 13 in Spellcasting
 19484 | Lair:5   | Found a corrupted altar of Lugonu.
 19484 | Lair:5   | Found a one-way gate to the infinite horrors of the Abyss.
 20723 | D:12     | Found a staircase to the Orcish Mines.
 20895 | D:12     | Found a runed translucent door.
 20895 | D:12     | Noticed a tengu reaver
 20987 | D:12     | Found a runed translucent door.
 21177 | D:12     | Noticed Netaeli's ghost (journeyman SpVM)
 21343 | D:12     | Found a radiant altar of Vehumet.
 21373 | D:12     | Reached XP level 15. HP: 55/82 MP: 6/32
 21375 | D:12     | Acquired 1289 gold pieces
 22009 | D:12     | Noticed a fire giant
 22010 | D:12     | Noticed a lich
 22221 | Orc:1    | Entered Level 1 of the Orcish Mines
 22221 | Orc:1    | Noticed Erolcha
 22226 | Orc:1    | Killed Erolcha
 22234 | Orc:1    | Found Lokhlux's Magic Scroll Boutique.
 22273 | Orc:1    | Bought a scroll of acquirement for 780 gold pieces
 22273 | Orc:1    | Acquired a book of Annihilations
 22413 | Orc:2    | Entered Level 2 of the Orcish Mines
 22428 | Orc:2    | Reached ****** piety under Kikubaaqudgha
 22457 | Orc:2    | Found Vezu's Distillery.
 22612 | Orc:2    | Found a staircase to the Elven Halls.
 23008 | Orc:2    | Found Boehamer's Antique Armour Shop.
 23136 | Orc:2    | Noticed Sonja
 23138 | Orc:2    | Noticed Azrael
 23144 | Orc:2    | Killed Sonja
 23161 | Orc:2    | Killed from afar by Azrael

Illustrated notes

Levels and vault maps discovered:
D:1:      giann_horns, layout_basic, shapermc_ecumenical_altar_rom_forum
D:2:      layout_loops_ring, minivault_26, chequers_arboretum,
          minmay_shallow_snake_nest
D:3:      layout_rooms
D:4:      layout_loops_ring, trog_book, lemuel_doored_altar
D:5:      layout_basic, mainiacjoe_overflow_brackets, serial_shops, shop,
          nicolae_lakefront_shop, nicolae_shop_waterfront, grunt_ministairs_14,
          uniq_edmund
D:6:      layout_basic, grunt_ministairs_13, hangedman_abyss_or_decor_stabs,
          hangedman_feature_mirror
D:7:      layout_basic, grunt_gozag_breadcrumbs, nicolae_ashenzari_skybound,
          minmay_temple_entry_glassed_door, uniq_maggie, uniq_pikel
D:8:      layout_loops_ring, general_overflow_altar, serial_shops,
          nicolae_shop_stone, nicolae_ossuary_entry_giza
D:9:      layout_cave_pools
D:10:     layout_loops_ring, due_lair_maze_entry_diamond, jiyva_altar_1,
          uniq_psyche
D:11:     layout_loops_ring
D:12:     layout_irregular_city, david_orc_2, muffindrake_ghost_dual_entry,
          nicolae_vehumet_altar_sigil
Temple:   eino_temple_scatter_basement
Lair:1:   layout_roguey, st_stairs_11, beast_lair_carwin_2,
          infiniplex_staircase_pool_2
Lair:2:   layout_hall_layers, swamp_mist_pool, spider_nest_entry_rubble
Lair:3:   layout_roguey
Lair:4:   layout_loops_ring, slime_entry_1, grunt_megastairs_4,
          infiniplex_staircase_pool, serial_bayou_shore_a
Lair:5:   hellmonk_lair_end_abyssal_woods, layout_regular_city,
          hangedman_lair_unloving_vines, grunt_megastairs_1
Orc:1:    layout_diamond_mine, serial_shops, shop,
          portal_ice_cave_demonic_guard, nicolae_shop_vocational, uniq_erolcha
Orc:2:    grunt_orc_community_town_hall, layout_caves,
          grunt_orc_community_big_house_1, grunt_orc_community_big_house_2,
          grunt_orc_community_house_2, grunt_orc_community_house_3,
          grunt_orc_community_house_1, grunt_orc_community_house_3,
          grunt_orc_community_house_3, grunt_orc_community_house_1, basic_altar,
          uniq_sonja, uniq_saint_roka, uniq_azrael

Skill      XL: |  1  2  3  4  5  6  7  8  9 10 11 12 13 14 |
---------------+-------------------------------------------+-----
Spellcasting   | 3 4 5 8 9 10 11 13 | 13.8
Conjurations   | 1 2 3 4 5 7 9 10 | 10.4
Earth Magic    | 4 5 6 8 9 10 | 10.0
Transmutations | 1 |  1.0
Fighting       | 4 5 |  5.8
Necromancy     | 2 4 5 7 9 10 | 10.2
Armour         | 3 5 |  5.8
Ice Magic      | 3 5 7 8 10 | 10.3
Translocations | 1 |  1.0
Air Magic      | 2 5 |  5.0
Dodging        | |  1.5
Stealth        | |  2.1

Action                   |  1- 3 |  4- 6 |  7- 9 | 10-12 | 13-15 || total
-------------------------+-------+-------+-------+-------+-------++-------
Melee: Dagger            |    31 |    14 |    60 |    39 |   156 ||   300
       Unarmed           |     8 |       |       |     2 |       ||    10
       Punch             |     1 |       |       |       |       ||     1
 Fire: Sling             |       |    32 |       |       |       ||    32
 Cast: Sandblast         |    41 |    46 |   116 |   204 |   205 ||   612
       Stone Arrow       |       |    11 |    33 |    65 |    57 ||   166
       Animate Dead      |       |       |       |    10 |     8 ||    18
       Freezing Cloud    |       |       |       |     4 |    26 ||    30
       Borgnjor's Vile C |       |       |       |     4 |    46 ||    50
       Death Channel     |       |       |       |     1 |    18 ||    19
       Simulacrum        |       |       |       |       |    25 ||    25
Evoke: Wand              |       |       |       |     3 |     1 ||     4
  Use: Potion            |       |     1 |       |       |       ||     1
       Scroll            |       |    10 |    10 |     5 |    10 ||    35
 Stab: Sleeping          |     1 |       |     3 |       |       ||     4
       Distracted        |       |       |       |       |     2 ||     2
Armor: Robe              |    21 |    49 |   102 |     8 |       ||   180
       Troll leather arm |       |       |       |   185 |   290 ||   475
Dodge: Dodged            |    41 |    55 |    92 |   186 |   293 ||   667
Block: Buckler           |       |       |       |       |    23 ||    23

Table legend: (Time is in decaauts)
 A = Elapsed time spent in this place.
 B = Non-inter-level travel time spent in this place.
 C = Inter-level travel time spent in this place.
 D = Time resting spent in this place.
 E = Time spent auto-exploring this place.
 F = Levels seen in this place.
 G = Mean time per level.
                   A        B        C        D        E       F      G
               +--------+--------+--------+--------+--------+-----+--------+
         Total |  23511 |  21917 |   1594 |   7137 |  10992 |  23 | 1022.2 |
       Dungeon |  13180 |  12086 |   1094 |   3001 |   7339 |  12 | 1098.3 |
        Temple |     62 |     34 |     28 |      0 |     26 |   1 |   62.0 |
          Lair |   8609 |   8144 |    465 |   3747 |   2983 |   5 | 1721.8 |
  Orcish Mines |    953 |    948 |      5 |    265 |    420 |   2 |  476.5 |
         Abyss |    245 |    245 |      0 |      7 |      0 |   2 |  122.5 |
       Ossuary |    459 |    459 |      0 |    117 |    223 |   1 |  459.0 |
               +--------+--------+--------+--------+--------+-----+--------+

Top non-repeatable levels by time:
  Lair:5: 2968 daAuts
     D:6: 1764 daAuts
  Lair:4: 1675 daAuts
    D:12: 1596 daAuts
    D:10: 1489 daAuts
  Lair:2: 1352 daAuts
  Lair:1: 1343 daAuts
  Lair:3: 1269 daAuts
     D:8: 1083 daAuts
     D:7: 1082 daAuts
     D:1: 1075 daAuts
     D:5: 1002 daAuts
     D:4: 920 daAuts
     D:2: 911 daAuts
    D:11: 851 daAuts
